[Event "4th Tata Steel India Rapid Women 2022"]
[Site "Kolkota"]
[Date "2022.11.30"]
[Round "6.3"]
[White "Muzychuk, Anna"]
[Black "Ushenina, Anna"]
[Result "1/2-1/2"]
[ECO "C43"]
[WhiteElo "2525"]
[BlackElo "2454"]
[Annotator "TA"]
[PlyCount "80"]
[EventDate "2022.11.29"]
[EventType "tourn"]
[EventCountry "IND"]
[SourceTitle "playchess.com"]
[Source "ChessBase"]
[SourceQuality "1"]
[TimeControl "900+10"]

1. e4 e5 2. Nf3 Nf6 3. d4 Nxe4 4. dxe5 d5 5. Nbd2 Qd7 6. Bd3 {[%emt 0:00:07] C43: Petroff Defence: 3 d4.} Nc5 7. Be2 Be7 {[%emt 0:00:18] [#]} 8. O-O $146 ({Predecessor:} 8. Nd4 O-O 9. O-O Nc6 10. N2f3 Nxd4 11. Nxd4 c6 12. Bf4 Qd8 13. c3 f6 14. exf6 Bxf6 15. Be3 Ne6 16. Nxe6 Bxe6 17. Bd3 Qd6 18. Re1 Bf7 19. Qc2 h6 20. Qd2 {½-½ (20) Anderskewitz,R (2325)-Nowak,A (2260) LSS email 2019}) 8... O-O 9. c3 Nc6 (9... Ne6 {keeps more tension.} 10. Nd4 Nf4 11. Bb5 c6) 10. Nb3 Ne6 11. Re1 Rd8 12. Be3 a5 13. Bb5 Qe8 14. Qc2 (14. a4 $14) 14... a4 $15 15. Nc1 (15. Bxc6 {is more complex.} bxc6 16. Nbd4 c5 17. Nxe6 Bxe6 18. Ng5) 15... a3 16. b3 (16. Ne2 $11) 16... Bd7 (16... d4 $1 $15 17. cxd4 Ncxd4 18. Nxd4 Nxd4 19. Bxd4 Qxb5) 17. Bd3 $14 g6 18. Ne2 Bf8 19. Nf4 Nxf4 20. Bxf4 Bg7 21. Bg5 Rdc8 22. Bf6 (22. Qd2 $14) 22... Nd8 (22... Bxf6 $1 $15 23. exf6 Qd8) 23. c4 dxc4 24. Bxc4 {[%emt 0:00:01] Strongly threatening Bxg7.} Ne6 25. Rad1 Bc6 26. Bxg7 {[%emt 0:01:02] White has more active pieces.} ({Better is} 26. Qc3 $14) 26... Kxg7 (26... Bxf3 $11 27. gxf3 Nxg7) 27. Nd4 Nxd4 28. Rxd4 {[%emt 0:00:02] Threatens to win with Rf4.} Rd8 29. Rf4 Bd5 {[%emt 0:00:46] Inhibits e6.} 30. Bxd5 Rxd5 31. Qxc7 {[%emt 0:00:02][%cal Oe5e6] aiming for e6!} Qd7 {[%emt 0:00:00] Prevents e6.} 32. Qc3 {[%emt 0:00:33] And now e6+ would win.} Rc8 33. Qb4 Rc2 $2 (33... Qe6 $14) 34. e6 $1 $18 (34. Qxa3 $2 Rd1 35. h3 (35. Qb4 $2 Re2 $19) 35... Rxe1+ $19) 34... Qd6 35. Rxf7+ (35. exf7 Qxb4 36. Rxb4 Rxa2 $17) 35... Kg8 36. Qxd6 $2 ({Less strong is} 36. Rxb7 Re5 37. e7 (37. Qxd6 $2 Rxe1#) (37. Rb8+ Kg7 $16) 37... Qxb4 38. e8=Q+ (38. e8=R+ Rxe8 39. Rxe8+ Qf8 $16) 38... Rxe8 39. Rxe8+ (39. Rxb4 $2 Rxe1#) 39... Qf8 40. Rxf8+ Kxf8 $16) (36. e7 Re5 37. Rxe5 (37. Qxd6 $2 Rxe1#) (37. e8=R+ Rxe8 38. Rxb7 Rxe1+ 39. Qxe1 Qc6 $11) 37... Qxe5 38. Rf8+ (38. Qxb7 $2 Qe1#) 38... Kg7 39. e8=N+ (39. e8=R $2 Rc1+) 39... Kh6 40. g3 (40. Qxb7 $2 Qe1#)) 36... Rxd6 {[%emt 0:00:01] [#]} 37. Rxb7 $2 ({Stronger than} 37. Rd7 {[#]} Rxe6 $1 38. Rf1 Rxa2 39. Rxb7 Rb2 $17) (37. e7 $1 $18 Rc8 38. Rf4 (38. e8=R+ Rxe8 39. Rxe8+ Kxf7 $15)) 37... Rxe6 $14 38. Rd1 {[%emt 0:00:03] Threatening mate with Rd8+.} (38. Kf1 $5 Rxe1+ 39. Kxe1 $14) 38... Rd2 {[%emt 0:00:10][%cal Rd2d1][%mdl 64] Prevents Rd8+.} 39. Rc1 {[%emt 0:00:04] Rc8+ would kill now.} (39. Rxd2 $2 Re1#) 39... Rc2 {[%emt 0:00:03][%cal Rc2c1][%mdl 64] Inhibits Rc8+.} 40. Rd1 {[%emt 0:00:04] Intending Rd8+ and mate.} (40. Rxc2 $2 Re1#) 40... Rd2 {[%emt 0:00:01][%mdl 64] Prevents Rd8+. Back Rank.   Weighted Error Value: White=0.41/Black=0.17 (very precise)} 1/2-1/2

[Event "4th Tata Steel India Rapid Women 2022"]
[Site "Kolkota"]
[Date "2022.11.30"]
[Round "6.4"]
[White "Muzychuk, Mariya"]
[Black "Kiolbasa, Oliwia"]
[Result "1-0"]
[ECO "C55"]
[WhiteElo "2528"]
[BlackElo "2406"]
[Annotator "TA"]
[PlyCount "75"]
[EventDate "2022.11.29"]
[EventType "tourn"]
[EventCountry "IND"]
[SourceTitle "playchess.com"]
[Source "ChessBase"]
[SourceQuality "1"]
[TimeControl "900+10"]

1. e4 e5 2. Nf3 Nc6 3. Bc4 Nf6 4. d3 Be7 5. O-O O-O 6. Re1 d6 7. a4 Na5 {[%emt 0:00:10] 7...h6 is setting a new trend.} 8. Ba2 {[%emt 0:00:01] C55: Two Knights: 4 d3, 4 d4 exd4 5 e5 and Max Lange Attack.} c5 9. c3 Nc6 10. Na3 {[%emt 0:00:35] White is slightly better.} Be6 11. Bxe6 fxe6 12. Bd2 {[%emt 0:00:01] [#]} Nd7 $146 ({Predecessor:} 12... a6 13. b4 cxb4 14. cxb4 d5 15. Nc2 b5 16. axb5 axb5 17. Rxa8 Qxa8 18. exd5 Nxd5 19. Nxe5 Ncxb4 20. Nxb4 Nxb4 {½-½ (31) Dominguez Perez,L (2752)-Aronian,L (2772) Berlin 2022}) 13. b4 cxb4 14. cxb4 d5 {[%emt 0:00:01] Against Nc4} (14... a5 $11 {is superior.}) 15. exd5 exd5 16. b5 Nd4 17. Nxd4 exd4 18. Nc2 Bd6 19. Qg4 {[%emt 0:00:58] Strongly threatening Qe6+.} (19. Nxd4 Bxh2+ $1 20. Kh1 Rxf2 $1 $17) (19. Qh5 {seems wilder.} Nc5 20. Nxd4 Rf7 21. Nf3) 19... Kh8 20. Nxd4 {[%emt 0:03:10] And now Ne6 would win.} (20. Qxd4 $2 Bc5 21. Qxd5 Rxf2 $19) 20... Ne5 21. Qh3 (21. Qg5 {simplifies} Qxg5 22. Bxg5 Nxd3 23. Re2) 21... Qf6 22. Rf1 Rae8 23. Kh1 (23. Rae1 $14) 23... Qg6 $11 24. f4 (24. Rae1 {is interesting.} Bc5 25. f4 Qxd3 26. Bc3) 24... Qxd3 25. Qxd3 Nxd3 26. f5 Be5 27. Ra3 Nc5 (27... Nb2 $5 28. Nc2 Bf6 $15) 28. Be3 Ne4 29. Rd3 Nd6 (29... Nc5 $11 30. Rdd1 Kg8) 30. Kg1 (30. Bg1 $14) 30... Kg8 31. g4 {[%emt 0:00:19] Black must now prevent Ne6.} Nc4 {[%emt 0:00:07] aiming for ...Nxe3.} 32. Bf2 {[%emt 0:00:25] Ne6 is the strong threat.} ({But not} 32. Ne6 $2 {[#]} Nxe3 $1 33. Rxe3 Bd4 $1 34. Nxd4 Rxe3 $19) (32. Bc1 $5 ) 32... Nb2 $1 33. Rd2 Nxa4 (33... Nc4 $5 34. Rd3 Nb2 $11) 34. Ne6 Rf7 35. Rxd5 ({Weaker is} 35. Bxa7 b6 36. Rxd5 Bb2 37. Bxb6 Nxb6 $17) 35... Bb8 ({Better is} 35... Bf6 $14) 36. Bd4 $16 {[%emt 0:00:12] White is more active.} g6 $2 (36... Bc7 37. Bxa7 b6) 37. Ng5 $18 Rff8 38. f6 {[%emt 0:00:07] Weighted Error Value: White=0.12 (very precise) /Black=0.20 (precise)} 1-0

[Event "4th Tata Steel India Rapid Women 2022"]
[Site "Kolkota"]
[Date "2022.11.30"]
[Round "6.5"]
[White "Savitha Shri B"]
[Black "Vaishali, Rameshbabu"]
[Result "0-1"]
[ECO "C76"]
[WhiteElo "2411"]
[BlackElo "2454"]
[Annotator "TA"]
[PlyCount "84"]
[EventDate "2022.11.29"]
[EventType "tourn"]
[EventCountry "IND"]
[SourceTitle "playchess.com"]
[Source "ChessBase"]
[SourceQuality "1"]
[TimeControl "900+10"]

1. e4 e5 2. Nf3 Nc6 3. Bb5 a6 4. Ba4 d6 5. O-O Bd7 6. c3 g6 7. d4 Bg7 8. dxe5 dxe5 9. Bg5 Nge7 10. Nbd2 h6 {[%emt 0:00:39] C76: Ruy Lopez: Deferred Steinitz: 5 c3 Bd7 6 d4 g6.} 11. Be3 O-O 12. Bb3 {[%emt 0:00:53] [#]} Kh8 $146 {[%emt 0:00:48] The position is equal.} ({Predecessor:} 12... Na5 13. Nc4 Nxb3 14. axb3 Nc6 15. Qd2 Kh7 16. Bc5 Re8 17. Rfd1 Be6 18. Qc2 Qc8 19. Ne3 b6 20. Ba3 Qb7 21. Rd2 Na5 22. c4 Nc6 23. Nd5 {½-½ (23) Miranda Mesa,E (2441)-Ordaz Valdes,L (2414) Havana 2018}) 13. Re1 Qe8 14. Nf1 f5 15. exf5 gxf5 16. Bc5 e4 17. Nd4 b6 18. Nxc6 Bxc6 19. Bxe7 Qxe7 20. Qh5 Qg5 (20... a5 {simplifies} 21. a4 Rad8 22. Rad1 Rxd1 23. Rxd1 f4) 21. Ng3 (21. Qxg5 $11 hxg5 22. Ne3) 21... Rae8 22. Rad1 Re5 23. h4 $2 (23. Qxg5 $11 {and White is okay.} hxg5 24. Ne2) 23... Qe7 $19 {[%emt 0:00:15] [#] Hoping for ...f4.} 24. Nf1 ({Wrong is} 24. Qg6 $2 Be8 $19) 24... Be8 {[%emt 0:00:42] Against Qg6} 25. Qe2 Qxh4 {[%emt 0:00:08] And now ...f4 would win.} 26. Rd5 Bc6 27. Rxe5 Bxe5 28. Qc4 Bb5 {[%emt 0:00:14][%cal Bc6b5,Bb5e8,Be8h5][%mdl 32] A strong pair of Bishops.} 29. Qd5 Bd6 {[%emt 0:00:04] Black is more active.} 30. c4 (30. a4 $17 {was necessary.} Bd3 31. Qe6) 30... Be8 31. g3 $2 {[%emt 0:00:18] [#]} (31. c5 {keeps fighting.} Bxc5 32. Qe5+ Qf6 33. Qxc7) 31... Qg5 $40 {[%emt 0:00:12][%mdl 128] Black goes for the king.} (31... Qf6 $142 32. Re2 Bc5) 32. Qd4+ Kh7 33. Bc2 Bh5 34. b4 $2 (34. a3 {is a better defense.}) 34... Bxb4 35. Rb1 Bc5 36. Qe5 Rf7 {[%emt 0:00:13] White must now prevent ...Bf3.} 37. Bd1 Bg6 {[%emt 0:00:20] Strongly threatening ...f4.} 38. Be2 (38. Qf4 $142) 38... Re7 {[%emt 0:00:09] Black is clearly winning.} 39. Qd5 (39. Qf4 $142) 39... f4 40. Qxg5 hxg5 41. Bg4 e3 42. Rd1 e2 {[%emt 0:00:08] Weighted Error Value: White=0.89/Black=0.47} 0-1

[Event "4th Tata Steel India Rapid Women 2022"]
[Site "Kolkota"]
[Date "2022.12.01"]
[Round "7.1"]
[White "Vaishali, Rameshbabu"]
[Black "Koneru, Humpy"]
[Result "1/2-1/2"]
[WhiteElo "2454"]
[BlackElo "2574"]
[Annotator "TA"]
[PlyCount "18"]
[EventDate "2022.11.29"]
[EventType "tourn"]
[EventCountry "IND"]
[SourceTitle "playchess.com"]
[Source "ChessBase"]
[SourceQuality "1"]
[TimeControl "900+10"]

1. d4 Nf6 2. Bf4 d5 3. e3 c5 4. Nf3 Nc6 5. Nbd2 Bg4 {[%emt 0:01:36] The position is equal.} 6. Bb5 {[%emt 0:01:57] D02: 1 d4 d5 2 Nf3 sidelines, including 2...Nf6 3 g3 and 2...Nf6 3 Bf4.} (6. dxc5 e5 7. Bg5 Bxc5) 6... e6 7. h3 Bxf3 {[%emt 0:01:13] [#]} 8. Bxc6+ $146 ({Don't play} 8. gxf3 cxd4 9. exd4 Nh5 $17) ({Predecessor:} 8. Qxf3 Qb6 9. c4 cxd4 10. exd4 Bb4 11. Bxc6+ bxc6 12. O-O Qxd4 13. Rfd1 O-O 14. Rac1 Qxb2 {½-½ (74) Sankalp,G (2488)-Aditya,M (2486) Delhi 2022}) 8... bxc6 9. Nxf3 Bd6 {[%emt 0:02:19] An interesting draw.   Weighted Error Value: White=0.05 (flawless) /Black=0.06 (flawless)} 1/2-1/2

[Event "4th Tata Steel India Rapid Women 2022"]
[Site "Kolkota"]
[Date "2022.12.01"]
[Round "7.2"]
[White "Ushenina, Anna"]
[Black "Muzychuk, Mariya"]
[Result "1-0"]
[ECO "D85"]
[WhiteElo "2454"]
[BlackElo "2528"]
[Annotator "TA"]
[PlyCount "59"]
[EventDate "2022.11.29"]
[EventType "tourn"]
[EventCountry "IND"]
[SourceTitle "playchess.com"]
[Source "ChessBase"]
[SourceQuality "1"]
[TimeControl "900+10"]

1. d4 Nf6 2. c4 g6 3. Nc3 d5 4. cxd5 Nxd5 5. Bd2 Bg7 6. e4 Nxc3 7. Bxc3 O-O 8. Qd2 c5 {[%emt 0:00:29][%cal Rc5d4] D85: Exchange Grünfeld: Unusual White 7th moves and lines with 7 Nf3.} 9. d5 e6 10. Bc4 exd5 {[%emt 0:00:41] The position is equal.} 11. Bxd5 Nd7 12. Bxg7 Kxg7 13. Ne2 Nf6 (13... Nb6 {feels hotter.} 14. O-O-O Qf6 15. Qc3 Rd8) 14. Nc3 Be6 15. Bxe6 {[%emt 0:01:38] [#]} fxe6 $146 ({Predecessor:} 15... Qxd2+ 16. Kxd2 fxe6 17. Ke2 Kf7 18. Rhd1 Ke7 19. f3 Rfd8 20. Ke3 e5 21. a4 Rd4 {½-½ (31) Ribli,Z (2575)-Borisek,J (2555) Slovenia 2013}) 16. Qxd8 Raxd8 17. Ke2 Rd4 18. f3 Rfd8 {[%emt 0:00:00] [#] Strongly threatening ...Rd2+.} 19. Rhd1 {[%emt 0:00:03] Prevents Rd2+.} a6 20. Rxd4 Rxd4 $11 {[%emt 0:00:00][%mdl 4096] Endgame KRN-KRN} 21. Rc1 b5 22. b3 Nd7 23. Nd1 Kf6 24. Nf2 Ke7 25. Ke3 {[%emt 0:00:14][%cal Oc1c5] Rxc5! is the strong threat.} Kd6 (25... Rd6 $11 {keeps the balance.}) 26. Nd3 {[%emt 0:00:09][%cal Od3c5] Black must now prevent Nxc5!} e5 27. f4 ({White should play} 27. g3 $14) 27... exf4+ 28. Nxf4 {[%emt 0:00:02] Threatening Nd3.} a5 $2 {[%emt 0:01:49][%mdl 8192] [#]} (28... Nf6 $1 $11 {and Black is okay.}) 29. Nd3 $1 $18 {[%emt 0:00:27][%cal Od3c5] Threatens to win with Nxc5!} Ke6 $2 (29... Ke7 30. Nxc5 Rd6) 30. Nxc5+ {[%emt 0:00:08] Weighted Error Value: White=0.09 (flawless) /Black=0.50} 1-0

[Event "4th Tata Steel India Rapid Women 2022"]
[Site "Kolkota"]
[Date "2022.12.01"]
[Round "7.3"]
[White "Kiolbasa, Oliwia"]
[Black "Savitha Shri B"]
[Result "1-0"]
[ECO "B92"]
[WhiteElo "2406"]
[BlackElo "2411"]
[Annotator "TA"]
[PlyCount "101"]
[EventDate "2022.11.29"]
[EventType "tourn"]
[EventCountry "IND"]
[SourceTitle "playchess.com"]
[Source "ChessBase"]
[SourceQuality "1"]
[TimeControl "900+10"]

1. e4 c5 2. Nf3 d6 3. d4 cxd4 4. Nxd4 Nf6 5. Nc3 a6 6. Be2 e5 7. Nb3 Be7 8. Bg5 Be6 9. Bxf6 Bxf6 10. Qd3 Nc6 {[%emt 0:02:00] 10...Be7 deserves study.} 11. O-O-O {[%emt 0:01:06] B92: Sicilian Najdorf: 6 Be2.} Nd4 {[%emt 0:02:55] was the old line (11...Qb6).} 12. Nxd4 exd4 13. Nd5 {[%emt 0:00:23] The position is equal.} Bxd5 14. exd5 O-O 15. Qf3 Re8 16. Bd3 Re5 17. h4 Qa5 18. Kb1 Qxd5 {[%emt 0:00:44] [#]} 19. Qxd5 $146 ({Predecessor:} 19. Qh3 Rae8 20. g4 Bd8 21. g5 Ba5 22. a3 Qc5 23. h5 Bc3 24. g6 Qb6 25. b3 {1-0 (36) Nguyen,A (2458)-Chu,W (2373) Ho Chi Minh City 2019}) 19... Rxd5 20. g4 Be5 {[%emt 0:01:12] Against f4} 21. b4 {[%emt 0:00:52] And now a4 would win.} Rc8 22. a4 {[%emt 0:00:24] Strongly threatening Be4.} (22. c4 $2 dxc3 23. Kc2 (23. Bxh7+ $2 Kxh7 24. Rxd5 c2+ 25. Kc1 Bf4+ 26. Kb2 c1=Q+ $19) 23... Rd4 $19) 22... Bf4 $1 23. Be4 {[%emt 0:00:35][%mdl 64] Deflection} Re5 (23... d3 $1 $11 {remains equal.} 24. Rxd3 Rxd3 25. cxd3 b5) 24. Rxd4 $16 b5 (24... Re7 $16) 25. Bb7 $36 {[%emt 0:00:36][%mdl 2048] Black is under strong pressure.} Rc4 26. Rxc4 (26. Rxd6 Rxb4+ 27. Ka2 Rxa4+ 28. Kb3 h5 29. Rxa6 hxg4 30. Rxa4 bxa4+ 31. Kxa4 Re2 $17) 26... bxc4 27. Bxa6 {[%emt 0:00:01][%mdl 4096] Endgame KRB-KRB} Bd2 {[%emt 0:00:20] [#]} 28. Ka2 $1 (28. Bxc4 Re4 29. Bb3 Bxb4 $16) 28... g5 {[%emt 0:00:10] [#]} (28... h5 $142 29. Ka3 (29. Bxc4 Re4 $16) 29... hxg4) 29. Bxc4 (29. Ka3 $1 $18) 29... Bxb4 $16 30. Rb1 Bc3 31. hxg5 d5 (31... Rxg5 {might work better.} 32. f3 Rc5) 32. Bd3 $18 Rxg5 33. Bf5 h5 $2 (33... Kf8 {is a better chance.} 34. Rb5 (34. Bxh7 Rxg4 35. Rb8+ Ke7 $14) 34... Be1) 34. f3 $2 (34. f4 Rxg4 35. Bxg4 hxg4 36. f5) 34... Bd2 (34... Kh8 $142 35. Kb3 Be5) 35. Rd1 Bf4 36. a5 ({Don't do} 36. Rxd5 Kg7 37. a5 Kf6 $18) 36... h4 37. a6 ({Weaker is} 37. Rxd5 Kh8 38. a6 Be3 $18) 37... Kh8 38. Bc8 {[%emt 0:00:30] aiming for a7.} Rg8 $2 (38... Bb8 {was called for.} 39. Rh1 Re5 40. Rxh4+ Kg7) 39. Bb7 Be3 40. Rxd5 ({Less strong is} 40. Bxd5 Rg6 $18) 40... Kg7 41. Rh5 {[%emt 0:00:17] Inhibits h3.} Rh8 (41... f5 $142 42. Rxh4 fxg4 43. Rxg4+ Kf8) 42. Rxh8 Kxh8 {[%emt 0:00:01] KB-KB} 43. f4 Kg7 44. Kb3 Kf6 45. Kb4 Ke6 46. c4 {[%emt 0:00:10] c5 would kill now.} Kd6 47. Bd5 f6 48. g5 {[%emt 0:00:07] White mates.} fxg5 49. fxg5 Kc7 50. g6 Bd4 51. a7 {[%emt 0:00:11] Weighted Error Value: White=0.21 (precise) /Black=0.77} 1-0

[Event "4th Tata Steel India Rapid Women 2022"]
[Site "Kolkota"]
[Date "2022.12.01"]
[Round "7.4"]
[White "Harika, Dronavalli"]
[Black "Muzychuk, Anna"]
[Result "1/2-1/2"]
[ECO "A11"]
[WhiteElo "2507"]
[BlackElo "2525"]
[Annotator "TA"]
[PlyCount "44"]
[EventDate "2022.11.29"]
[EventType "tourn"]
[EventCountry "IND"]
[SourceTitle "playchess.com"]
[Source "ChessBase"]
[SourceQuality "1"]
[TimeControl "900+10"]

1. c4 c6 2. Nf3 d5 3. g3 Bg4 4. Bg2 e6 5. O-O Nf6 6. d3 dxc4 {[%emt 0:01:40] is the new trend. A11: English Opening: 1...c6.} 7. dxc4 Qxd1 8. Rxd1 Nbd7 {[%emt 0:00:05] The position is equal.} 9. Nc3 h6 10. b3 {[%emt 0:01:07] [#]} O-O-O $146 ({Predecessor:} 10... Bb4 11. Bb2 O-O-O 12. h3 Bh5 13. Nd4 Nc5 14. Nc2 Bxc3 15. Rxd8+ Rxd8 16. Bxc3 Bxe2 {½-½ (47) Ding,L (2778)-Wang,H (2734) Danzhou 2016}) 11. Bb2 Be7 12. Kf1 Bh5 13. h3 g5 14. Nd2 Rhg8 15. Na4 Bg6 16. Nf3 Ne4 17. Bd4 Nec5 18. Nxc5 Bxc5 19. Bc3 Be7 20. Bd4 Bc5 21. Bc3 Be7 22. Bd4 Bc5 {[%emt 0:00:05] Weighted Error Value: White=0.15 (very precise) /Black=0.09 (flawless)} 1/2-1/2

[Event "4th Tata Steel India Rapid Women 2022"]
[Site "Kolkota"]
[Date "2022.12.01"]
[Round "7.5"]
[White "Dzagnidze, Nana"]
[Black "Vantika Agrawal"]
[Result "1-0"]
[ECO "A15"]
[WhiteElo "2517"]
[BlackElo "2362"]
[Annotator "TA"]
[PlyCount "69"]
[EventDate "2022.11.29"]
[EventType "tourn"]
[EventCountry "IND"]
[SourceTitle "playchess.com"]
[Source "ChessBase"]
[SourceQuality "1"]
[TimeControl "900+10"]

1. c4 Nf6 2. Nf3 g6 3. b3 Bg7 4. Bb2 O-O 5. g3 d6 6. Bg2 e5 7. O-O Re8 8. Nc3 c6 {[%emt 0:00:55] [#] A15: English Opening: 1...Nf6.} 9. h3 $146 ({Predecessor:} 9. e4 a5 10. d4 exd4 11. Nxd4 Na6 12. Qc2 Nc5 13. Rad1 Qb6 14. a3 Bg4 15. Rd2 Rad8 16. h3 Bc8 17. Rfd1 h5 18. f4 h4 19. g4 Bxg4 20. hxg4 Nxg4 21. b4 axb4 22. axb4 {0-1 (32) Le,Q (2709)-Pichot,A (2630) Chess.com INT 2020}) 9... a5 10. e3 h5 {[%emt 0:02:37] The position is equal.} 11. Ng5 d5 12. cxd5 (12. f4 $5 ) 12... cxd5 (12... Nxd5 {is interesting.} 13. h4 Nb4 14. Nce4 f6) 13. Rc1 Nc6 14. d3 Bh6 15. h4 Bg4 16. Qd2 Rc8 (16... d4 {looks sharper.} 17. Na4 Rc8 18. exd4 Nxd4 19. Bxd4 Rxc1 20. Qxc1 Qxd4 21. Qc4 Bxg5 22. hxg5 Nh7) 17. Na4 Qe7 18. Rc5 Rcd8 (18... Nb4 $11 19. Rfc1 Nxa2 20. Rxc8 Bxc8) 19. Rfc1 (19. Rb5 $14) 19... Bf8 20. Rb5 Qc7 21. f4 {[%emt 0:00:33] White is much more active.} (21. Bc3 $16) 21... Bb4 $11 22. Qf2 {[%emt 0:00:14] [#]} (22. Bc3 $11) 22... d4 $2 {[%emt 0:00:09][%mdl 8192] This move loses the game for Black.} (22... Bf5 $1 $17 {and life is bright. Threatens to win with ...Ng4.} 23. Qe2 (23. Bxe5 Rxe5 24. fxe5 Ng4 $15) 23... Bg4) 23. fxe5 $18 Nh7 $2 (23... Bf5) 24. Nxh7 ({Less strong is} 24. Bxd4 Nxg5 25. hxg5 Qe7 $18) 24... Kxh7 25. exd4 Qd7 26. Nc5 Bxc5 27. Rbxc5 Nxd4 (27... Kg8 $142 28. Bxc6 bxc6 29. Rxc6 Qf5) 28. Rc7 ({Worse is} 28. Rxa5 Ne2+ 29. Kh2 Nxc1 30. Bxc1 Qf5 31. Qxf5 Bxf5 $11) 28... Ne2+ 29. Kh2 Qe6 30. Rxf7+ {[%emt 0:00:00] White mates.} Kg8 31. Rcc7 ({Not} 31. Rxb7 Nxc1 32. Bxc1 Rxd3 $16) 31... Bf5 32. Rg7+ Kh8 33. Rh7+ Kg8 34. Rcg7+ Kf8 35. Ba3+ {[%emt 0:00:00] Weighted Error Value: White=0.19 (very precise) /Black=0.85} 1-0

[Event "4th Tata Steel India Rapid Women 2022"]
[Site "Kolkota"]
[Date "2022.12.01"]
[Round "8.1"]
[White "Muzychuk, Anna"]
[Black "Dzagnidze, Nana"]
[Result "1/2-1/2"]
[ECO "B44"]
[WhiteElo "2525"]
[BlackElo "2517"]
[Annotator "TA"]
[PlyCount "112"]
[EventDate "2022.11.29"]
[EventType "tourn"]
[EventCountry "IND"]
[SourceTitle "playchess.com"]
[Source "ChessBase"]
[SourceQuality "1"]
[TimeControl "900+10"]

1. e4 c5 2. Nf3 e6 3. d4 cxd4 4. Nxd4 Nc6 5. Bf4 Nxd4 6. Qxd4 {[%emt 0:00:05] B44: Sicilian: Taimanov: 5 Nb5.} d6 (6... Nf6 $14) 7. Nc3 $16 {[%emt 0:05:28] [#]} Bd7 $146 {[%emt 0:07:00] Prevents Nb5.} ({Predecessor:} 7... e5 8. Bb5+ Bd7 9. Bxe5 dxe5 10. Qxe5+ Qe7 11. Bxd7+ Kxd7 12. O-O-O+ Kc8 13. Qg3 Nf6 14. Rd3 {1-0 (25) Steinmetz,L-Cokova,T freechess.de 2021}) 8. Bxd6 {[%emt 0:03:46] White is much more active. White is better.} Bxd6 9. Qxd6 Bc6 10. O-O-O Qxd6 11. Rxd6 Ke7 12. Rd2 Nf6 13. f3 a6 14. Be2 Rac8 15. Nd1 g5 16. Ne3 b5 17. Rhd1 Rc7 18. Rd3 Rhc8 19. Rc3 Nd7 {[%emt 0:00:20] [#]} 20. a4 ({White should try} 20. Nd5+ $1 $16 exd5 (20... Bxd5 21. Rxc7) 21. exd5 Bxd5 22. Rxc7 (22. Rxd5 Rxc3 23. bxc3 h6 $14) 22... Rxc7 23. Rxd5) 20... b4 $14 21. Rc4 Bxa4 22. b3 (22. Rxb4 $6 Bxc2 23. Rdd4 Bxe4+ 24. Kd1 Bg6 $15) (22. Rxc7 $14 Rxc7 23. Bxa6) 22... Bb5 $11 23. Rxc7 Rxc7 24. Bxb5 axb5 {[%emt 0:00:00][%mdl 4096] Endgame KRN-KRN} 25. Rd4 (25. h4 $5 ) 25... Nc5 26. Kd2 (26. Rxb4 $2 Nd3+ 27. Kb1 Nxb4 $19) 26... Rd7 27. Rxd7+ Nxd7 {[%emt 0:00:24] KN-KN} 28. Ng4 Kd6 29. Nf2 Ne5 30. Nd3 Nc6 $1 31. Ke3 e5 $1 32. g3 f6 33. h4 h6 34. h5 Ke7 35. f4 exf4+ 36. gxf4 Ke6 (36... Kf8 $11) 37. Nf2 $1 $14 {[%emt 0:00:52] And now Ng4 would win.} gxf4+ 38. Kxf4 {[%emt 0:00:01] Strongly threatening Ng4.} Nd4 (38... Nd8 $14) 39. Ng4 $16 Nxc2 $2 (39... Ne2+ $16 {is tougher.} 40. Ke3 Ng3) 40. Nxh6 $18 Nd4 (40... Ne1 $18 41. Nf5 Nd3+ 42. Ke3 Ne5) 41. Nf5 Nc6 42. h6 Ne5 43. Nd4+ (43. h7 $142 Kf7 44. Kg3 (44. h8=R Ng6+ 45. Kf3 Nxh8 $11) (44. h8=N+ Kg8 $11)) 43... Kf7 44. Kf5 $1 (44. Nxb5 Kg6 $11) 44... Ng6 45. Nc6 ({Not} 45. Nxb5 Ne7+ 46. Kf4 Kg6 $16) 45... Nh4+ 46. Kg4 Ng6 47. Nd8+ Ke7 {[%emt 0:00:12] [#]} 48. h7 $2 Kxd8 $11 {[%emt 0:00:39] KN-K3P. The position is equal.} 49. Kf5 (49. Kh5 $5 Nh8 $8 50. Kh6 $11) 49... Nh8 50. Kxf6 {[%emt 0:00:39] White wants to mate with e5.} Ke8 51. e5 {[%emt 0:00:02] Intending Kg7 and mate.} (51. Kg7 $5 Nf7 $8 52. Kf6 $11 (52. h8=R+ Nxh8 53. Kf6 Kd7 $19) (52. h8=B $2 {perishes.} Ke7 $19)) 51... Kf8 52. e6 {[%emt 0:00:03] Prevents Nf7.} Nf7 $1 53. Kg6 Nh8+ 54. Kh6 Ke7 55. Kg7 Kxe6 $1 56. Kxh8 Kf7 {[%emt 0:00:01] Blacks defense is rewarded with a draw.   Weighted Error Value: White=0.19 (very precise) /Black=0.34} 1/2-1/2